 Dungeon Crawl Stone Soup version 0.31-a0-145-g046c7d2549 (webtiles) character file.

Game seed: 12616240650061813381

16153 olmar the Black Belt (level 12, -19/99 HPs)
             Began as a Djinni Transmuter on June 7, 2023.
             Was an Initiate of Gozag.
             Demolished by a red ugly thing (34 damage)
             ... on level 8 of the Dungeon.
             The game lasted 00:27:41 (18857 turns).

olmar the Black Belt (Djinni Transmuter)           Turns: 18857, Time: 00:27:42

Health: -19/99     AC:  9    Str: 12    XL:     12   Next: 66%
Gold:   1091       EV: 16    Int: 22    God:    Gozag SH:  0 Dex: 20

rFire   x .          .
                       - Unarmed
rCold   + + +        (shield currently unavailable)
rNeg    + . .        M - melded +2 robe {Archmagi}
rPois   ∞            y - melded +2 hat
rElec   .            F - melded +0 cloak {Will+}
rCorr   .            (gloves currently unavailable)
SInv    .            (boots unavailable)
Will    ++...        (no amulet)
Stlth   ++           t - ring of positive energy
HPRegen 0.36/turn    h - ring of Divine Intervention {Will+ Str+3 Int+2 Dex+6}
MPRegen 0.00/turn

%: infuse magic (-20 HP)
@: ice-form, wereblooded, flying, invisible
A: freezing attack, flying, boosted hp, sickness immunity, large, (fire
resistance 2), (cold vulnerability 1), float, innate caster, HP casting, extra
vitality 1
a: End Transformation, Renounce Religion, Potion Petition, Call Merchant, Bribe
Branch


You were on level 8 of the Dungeon.
You worshipped Gozag.
Gozag was most pleased with you.
You were a creature of crystalline ice.
You visited 4 branches of the dungeon, and saw 14 of its levels.

You collected 1828 gold pieces.
You spent 26 gold pieces at shops.
You paid 711 gold pieces to Gozag.

Inventory:

Missiles
 j - 26 poisoned darts (quivered)
 k - 8 boomerangs
 I - a curare-tipped dart
Armour
 a - a +0 robe
 d - a +1 robe of willpower
 s - the +2 robe of Hireysedd {Harm rElec rC- Dex-4}
   (You found it on level 3 of the Dungeon)

   Dex:       It affects your dexterity (-4).
   rC:        It makes you vulnerable to cold.
   rElec:     It insulates you from electricity.
   Harm:      It increases damage dealt and taken.
 y - a +2 hat (melded)
 D - a +0 cloak
 F - a +0 cloak of willpower (melded)
 J - the +0 robe of Whack-A-Mole {Str+2}
   (You found it on level 9 of the Dungeon)

   Str:       It affects your strength (+2).
 M - a +2 robe of the Archmagi (melded)
Jewellery
 h - the ring of Divine Intervention (right front paw) {Will+ Str+3 Int+2 Dex+6}
   (You found it on level 7 of the Dungeon)

   [ring of dexterity]

   Str:       It affects your strength (+3).
   Int:       It affects your intelligence (+2).
   Dex:       It affects your dexterity (+6).
   Will:      It increases your willpower.
 t - a ring of positive energy (left front paw)
 H - a ring of fire
Wands
 o - a wand of digging (5)
 G - a wand of mindburst (8)
Scrolls
 b - 3 scrolls of noise {unknown}
 c - a scroll of vulnerability {unknown}
 i - 2 scrolls of teleportation
 l - 7 scrolls of amnesia
 m - 2 scrolls of immolation {unknown}
 r - 2 scrolls of magic mapping
 v - a scroll of silence {unknown}
 A - 2 scrolls of enchant weapon {unknown}
 B - a scroll of enchant armour {unknown}
 C - a scroll of poison {unknown}
 E - a scroll of torment {unknown}
 K - a scroll of fear {unknown}
 N - a scroll of butterflies {unknown}
 O - a scroll of identify
Potions
 e - 5 potions of brilliance
 f - 2 potions of magic
 g - 2 potions of haste
 n - 2 potions of might
 p - a potion of mutation
 q - 2 potions of curing
 u - 3 potions of degeneration
 w - a potion of lignification
 x - a potion of berserk rage
 z - 2 potions of attraction


   Skills:
 + Level 6.1 Fighting
 + Level 9.2 Dodging
 + Level 16.1 Unarmed Combat
 * Level 4.7 Spellcasting
 * Level 4.7 Conjurations
 * Level 4.7 Hexes
 * Level 4.7 Summonings
 * Level 4.7 Necromancy
 * Level 4.7 Translocations
 * Level 4.7 Transmutations
 * Level 4.7 Fire Magic
 * Level 4.7 Ice Magic
 * Level 4.7 Air Magic
 * Level 4.7 Earth Magic
 * Level 4.7 Poison Magic


You knew the following spells:

 Your Spells              Type           Power      Damage    Failure   Level
a - Beastly Appendage     Tmut           52%        N/A       1%          1
b - Wereblood             Tmut           26%        N/A       2%          2
c - Spider Form           Tmut/Pois      26%        N/A       4%          3
d - Ice Form              Ice/Tmut       26%        N/A       14%         4
e - Shock                 Conj/Air       100%       1d9       1%          1
f - Ensorcelled Hibernat  Hex/Ice        52%        N/A       2%          2
g - Portal Projectile     Hex/Tloc       52%        N/A       4%          3
h - Gell's Gravitas       Tloc           26%        N/A       4%          3
i - Yara's Violent Unrav  Hex/Tmut       13%        3d7       38%         5
Your spell library was empty.

Dungeon Overview and Level Annotations

Branches:
Dungeon (10/15)            Temple (1/1) D:6            Lair (2/5) D:9
    Orc (1/2) D:10
  Swamp: Lair:2-3    Shoals: Lair:2-3     Snake: Lair:2-3    Spider: Lair:2-3

Altars:
Ashenzari
Cheibriados
Dithmenos
Elyvilon
Fedhas
Gozag
Hepliaklqana
Makhleb
Nemelex Xobeh
Okawaru
Qazlal
Trog
Uskayaw
Wu Jian
Xom
Yredelemnul
Zin
The Shining One

Shops:
D:1 *   D:7 [   D:8 (

Annotations:
D:10 1 runed translucent door, BlasphemerAmon's ghost, novice DsHu


Innate Abilities, Weirdness & Mutations

You are a creature of crystalline ice.
You have a powerful freezing melee attack.
You are flying.
Your maximum health is increased.
Your armour is entirely melded.
You are incapable of wielding weapons or throwing items.
You are immune to sickness and miasma.
You are immune to poison.
((Your flesh is very heat resistant. (rF++)))
((You are vulnerable to cold. (rC-)))
You float through the air rather than walking.
You learn spells naturally, not from books.
Your magical power is your life essence.
You have superior vitality. (+4 MHP)


Message History

Unknown command.
Casting: Wereblood (safe; 2% risk of failure)
Confirm with . or Enter, or press ? or * to list all spells.
You feel a surge of power!
You turn into a creature of crystalline ice.
Your +0 cloak of willpower melds into your body.
Your +2 hat melds into your body.
Your +2 robe of the Archmagi melds into your body.
You feel less strong-willed.
You feel strangely numb. The red ugly thing misses you.
You hit the red ugly thing. You freeze the red ugly thing.
The red ugly thing is lightly wounded.
Unknown command.
You pummel the red ugly thing!! You freeze the red ugly thing!
The red ugly thing is severely wounded.
The red ugly thing tentacle-slaps you!
You are engulfed in flames!!
The fire burns you terribly!
You are too injured to fight recklessly!
Unknown command.
You are too injured to fight recklessly!
Unknown command.
You are too injured to fight recklessly!
Unknown command.
You are too injured to fight recklessly!
Unknown command.
You barely miss the red ugly thing.
The red ugly thing is severely wounded.
The red ugly thing tentacle-slaps you.
You are engulfed in flames!!
The fire burns you terribly!
* * * LOW HITPOINT WARNING * * *
Unknown command.
It was a potion of invisibility.
You fade into invisibility!
The red ugly thing closely misses you.
Okay, then.
You feel better. The red ugly thing tentacle-slaps you!
* * * LOW HITPOINT WARNING * * *
You are engulfed in flames!!
The fire burns you terribly!
You die...
Your body crumbles into a pile of gold.

##..# #........~#.....#≈.... #
##.# ##...............≈..## #
#.## ##.#####..~#)....#≈.### #
##.# #..# #..≈##...##≈.### #
#######..# #..≈≈##.##≈≈.##.
.#!...#...# #...≈≈~.~≈≈..#..
#.#.#.#...# #.#.........#...
§#..!.'...#####..####.#.......
...#..'....##Y....###........#
.#....'...uuu#..#.............
#.#.#.#....###..##..#####..###
.#..!.#....# #..##.## #..# # #
#######...###..#..## #.## #
##....##..##......## #.# #
#..##..#.......##..####.# #
#..###..#....#####..##..## #
#.## ##......## ##......###


You could see 3 ugly things.

Vanquished Creatures
  A catoblepas (Lair:1)
  Erica (D:8)
  2 death yaks
  A two-headed ogre (D:9)
  A wizard (D:8)
  A cyclops (D:9)
  A black mamba (Lair:1)
  Joseph (D:7)
  A gargoyle (D:10)
  2 cane toads (Lair:1)
  Psyche (D:10)
  Maggie (D:7)
  4 komodo dragons
  2 trolls
  A hornet (D:8)
  Grinder (D:6)
  4 blink frogs
  Sigmund (D:5)
  A wyvern (Lair:1)
  Eustachio (D:6)
  12 yaks
  3 wargs (D:9)
  An acid dragon (D:9)
  8 water moccasins
  3 orc warriors
  3 black bears
  4 ice beasts
  2 sky beasts
  5 ogres
  2 centaurs (D:9)
  A phantom (D:5)
  3 kobold brigands
  Blork the orc (D:5)
  3 bullfrogs
  A gnoll sergeant (D:7)
  2 scorpions
  5 wights (D:8)
  7 killer bees
  An electric eel (Lair:2)
  2 howler monkeys
  11 orc priests
  3 hounds
  A gnoll bouda (D:8)
  3 sleepcaps
  2 iguanas
  10 orc wizards
  18 gnolls
  7 adders
  A white imp (D:6)
  2 worms (D:3)
  2 dart slugs
  31 orcs
  6 endoplasms
  2 giant cockroaches (D:1)
  6 hobgoblins
  12 jackals
  19 kobolds
  4 quokkas
  8 ball pythons
  5 bats
  5 frilled lizards
  8 goblins
  3 rats (D:1)
267 creatures vanquished.

Vanquished Creatures (others)
  A wizard (D:4)
1 creature vanquished.

Grand Total: 268 creatures vanquished

Notes
Turn   | Place    | Note
-------+----------+-------------------------------------------
     0 | D:1      | olmar the Djinni Transmuter began the quest for the Orb.
     0 | D:1      | olmar set off with the following spells memorised: Beastly
                  | Appendage, Wereblood, Spider Form, Ice Form.
     0 | D:1      | Reached XP level 1. HP: 17/17 MP: 0/0
   345 | D:1      | Reached XP level 2. HP: 19/22 MP: 0/0
   681 | D:1      | Found Uxisopn's General Store.
   699 | D:1      | Bought a scroll of identify for 26 gold pieces
   893 | D:1      | Reached XP level 3. HP: 25/27 MP: 0/0
   893 | D:1      | Learned a level 1 spell: Shock
  1558 | D:2      | Reached skill level 4 in Unarmed Combat
  1614 | D:2      | Reached XP level 4. HP: 21/32 MP: 0/0
  2658 | D:3      | Reached XP level 5. HP: 34/38 MP: 0/0
  2658 | D:3      | Learned a level 2 spell: Ensorcelled Hibernation
  2910 | D:3      | Identified the +2 robe of Hireysedd {Harm rElec rC- Dex-4}
  3108 | D:3      | Found a faded altar of an unknown god.
  3256 | D:3      | Found an iron altar of Okawaru.
  3299 | D:4      | Reached skill level 5 in Unarmed Combat
  3354 | D:4      | Reached XP level 6. HP: 35/43 MP: 0/0
  3963 | D:4      | Reached skill level 6 in Unarmed Combat
  4033 | D:4      | Noticed an ogre
  4052 | D:4      | Killed an ogre
  4053 | D:4      | Reached XP level 7. HP: 49/49 MP: 0/0
  4053 | D:4      | Learned a level 3 spell: Portal Projectile
  4539 | D:4      | Found a sparkling altar of Nemelex Xobeh.
  4717 | D:4      | Found Meth's Antique Weapon Shoppe.
  5089 | D:4      | Found a bloodstained altar of Trog.
  5090 | D:4      | Noticed a wizard
  5096 | D:4      | Killed a wizard
  5270 | D:5      | Entered Level 5 of the Dungeon
  5308 | D:5      | Reached skill level 7 in Unarmed Combat
  5363 | D:5      | Reached XP level 8. HP: 37/56 MP: 0/0
  5905 | D:5      | Noticed Sigmund
  6439 | D:5      | Reached skill level 8 in Unarmed Combat
  6494 | D:5      | Killed Sigmund
  6855 | D:5      | Noticed Blork the orc
  6868 | D:5      | Killed Blork the orc
  6869 | D:5      | Reached skill level 5 in Dodging
  7136 | D:6      | Noticed Eustachio
  7155 | D:6      | Killed Eustachio
  7156 | D:6      | Reached skill level 9 in Unarmed Combat
  7156 | D:6      | Reached XP level 9. HP: 52/62 MP: 0/0
  7156 | D:6      | Learned a level 3 spell: Gell's Gravitas
  7299 | D:6      | Found a white marble altar of Elyvilon.
  7440 | D:6      | Found a staircase to the Ecumenical Temple.
  7468 | Temple   | Entered the Ecumenical Temple
  7473 | Temple   | Became a worshipper of Gozag Ym Sagoz the Greedy
  7621 | D:6      | Noticed Grinder
  7634 | D:6      | Killed Grinder
  7714 | D:6      | Reached skill level 10 in Unarmed Combat
  7886 | D:6      | Found a blossoming altar of Fedhas.
  8757 | D:7      | Noticed Maggie
  8778 | D:7      | Killed Maggie
  8779 | D:7      | Reached skill level 11 in Unarmed Combat
  8788 | D:7      | Reached XP level 10. HP: 51/69 MP: 0/0
  9540 | D:7      | Noticed Joseph
  9834 | D:7      | Killed Joseph
  9835 | D:7      | Reached skill level 12 in Unarmed Combat
 10199 | D:7      | Identified the ring of Divine Intervention {Will+ Str+3
                  | Int+2 Dex+6}
 10218 | D:7      | Noticed an animated plate armour
 10227 | D:7      | Found Qoozaiz's Armour Shop.
 10275 | D:7      | Noticed an animated pearl dragon scales
 10685 | D:7      | Reached skill level 5 in Fighting
 11040 | D:8      | Reached skill level 13 in Unarmed Combat
 11194 | D:8      | Found a runed translucent gate.
 11202 | D:8      | Found a runed translucent gate.
 11313 | D:8      | Found a runed translucent gate.
 11316 | D:8      | Noticed a brown ugly thing
 11316 | D:8      | Noticed a purple ugly thing
 11318 | D:8      | Noticed a brown ugly thing
 11334 | D:8      | Noticed a wizard
 11345 | D:8      | Killed a wizard
 11346 | D:8      | Reached XP level 11. HP: 68/76 MP: 0/0
 11346 | D:8      | Learned a level 5 spell: Yara's Violent Unravelling
 11379 | D:8      | Noticed Erica
 11581 | D:8      | Killed Erica
 12209 | D:8      | Found Anuoqalik's Weapon Emporium.
 12582 | D:8      | Found a hazy altar of Hepliaklqana.
 12750 | D:9      | Reached skill level 14 in Unarmed Combat
 12802 | D:9      | Noticed a two-headed ogre
 12811 | D:9      | Killed a two-headed ogre
 13396 | D:9      | Noticed a cyclops
 13405 | D:9      | Killed a cyclops
 13426 | D:9      | Identified the +0 robe of Whack-A-Mole {Str+2}
 13593 | D:9      | Found a staircase to the Lair.
 14348 | Lair:1   | Entered Level 1 of the Lair of Beasts
 14348 | Lair:1   | Noticed a catoblepas
 14359 | Lair:1   | Killed a catoblepas
 14455 | D:9      | Reached skill level 15 in Unarmed Combat
 14712 | D:9      | HP: 2/76 [blink frog (12)]
 15477 | Lair:1   | Reached XP level 12. HP: 64/82 MP: 0/0
 16321 | Lair:1   | HP: 3/123 [black mamba (6)]
 16328 | Lair:1   | HP: 6/123 [black mamba (13)]
 16940 | Lair:2   | Noticed a death yak
 16941 | Lair:2   | Noticed a death yak
 16942 | Lair:2   | Noticed a death yak
 16943 | Lair:2   | Noticed a death yak
 16966 | Lair:1   | Killed a death yak
 17208 | D:10     | Entered Level 10 of the Dungeon
 17441 | D:10     | Noticed Psyche
 17452 | D:10     | Killed Psyche
 17762 | D:10     | Found a staircase to the Orcish Mines.
 17805 | D:10     | Reached skill level 16 in Unarmed Combat
 17932 | D:10     | Found a runed translucent door.
 17938 | D:10     | Noticed BlasphemerAmon's ghost (novice DsHu)
 18016 | D:10     | Found a hide-covered altar of Uskayaw.
 18210 | Orc:1    | Entered Level 1 of the Orcish Mines
 18295 | Lair:2   | Noticed a death yak
 18301 | Lair:2   | Killed a death yak
 18857 | D:8      | Demolished by a red ugly thing

Illustrated notes

Levels and vault maps discovered:
D:1:      sevenhm_arrival_forest_fort_large_2, layout_rooms, serial_shops, shop,
          serial_forest, infiniplex_forest_lined_1,
          infiniplex_forest_straight_1, infiniplex_forest_corner_2,
          infiniplex_forest_straight_5, infiniplex_forest_straight_2,
          infiniplex_forest_clump_small, infiniplex_forest_lined_3_way,
          infiniplex_forest_clump_medium
D:2:      minmay_recursive_quarters, layout_basic, serial_rivers,
          chequers_serial_rivers_micro_b, chequers_serial_rivers_large_b,
          chequers_serial_rivers_micro_b, chequers_serial_rivers_micro_a,
          chequers_serial_rivers_micro_a, kennysheep_donut,
          corexii_hall_statues_x
D:3:      wander_river, layout_rooms, gammafunk_temple_overflow_wave,
          vehumet_altar_wand_db, shapermc_ecumenical_altar_mp_urbaneastern
D:4:      layout_loops_ring, trog_wizard, mainiacjoe_overflow_six_doors_small,
          serial_shops, shop
D:5:      nicolae_cairo_tiling, layout_basic, uniq_sigmund, uniq_blork_the_orc
D:6:      layout_basic, mainiacjoe_overflow_24_doors,
          mainiacjoe_overflow_boulevard, minmay_temple_entry_tees,
          kennysheep_nub, amcnicky_mini_corridor_feature, uniq_eustachio,
          uniq_grinder
D:7:      layout_rooms, serial_shops, nicolae_shop_mannequins, uniq_joseph,
          uniq_maggie
D:8:      cheibrodos_wizards_tower, layout_layer_cave,
          lemuel_coloured_pillars_altar, serial_shops,
          nicolae_shop_back_alley_shop,
          ploomutoo_gammafunk_ghost_potion_laboratory, dk_rats_in_the_wall,
          uniq_erica
D:9:      layout_stronghold, erik_lair_orcish_takeover
D:10:     layout_big_octagon, eat_drink_and_be_merry_uskayaw, erik_orc_3,
          ebering_ghost_reflecting_pool, uniq_psyche
Temple:   nicolae_temple_ecumenical_triangle
Lair:1:   layout_chaotic_city
Lair:2:   layout_hall_layers, serial_bayou_shore_b, infiniplex_staircase_pool
Orc:1:    layout_caves

Skill      XL: |  1  2  3  4  5  6  7  8  9 10 11 12 |
---------------+-------------------------------------+-----
Unarmed Combat | 4 5 6 7 9 11 13 15 16 | 16.1
Dodging        | 3 4 5 6 7 8 9 |  9.2
Fighting       | 2 3 4 5 6 |  6.1
Spellcasting   | 3 4 |  4.7
Conjurations   | 3 4 |  4.7
Hexes          | 3 4 |  4.7
Summonings     | 3 4 |  4.7
Necromancy     | 3 4 |  4.7
Translocations | 3 4 |  4.7
Transmutations | 3 4 |  4.7
Fire Magic     | 3 4 |  4.7
Ice Magic      | 3 4 |  4.7
Air Magic      | 3 4 |  4.7
Earth Magic    | 3 4 |  4.7
Poison Magic   | 3 4 |  4.7

Action                     |  1- 3 |  4- 6 |  7- 9 | 10-12 || total
---------------------------+-------+-------+-------+-------++-------
  Melee: Unarmed           |    92 |   142 |   271 |   471 ||   976
         Headbutt          |    14 |    11 |     8 |     9 ||    42
         Punch             |     4 |     6 |     5 |     9 ||    24
  Throw: Dart              |       |     8 |    27 |    51 ||    86
         Boomerang         |       |       |     4 |       ||     4
         Throwing net      |       |       |     1 |     2 ||     3
   Cast: Beastly Appendage |     9 |    14 |     7 |     5 ||    35
         Shock             |     5 |    23 |    26 |       ||    54
         Wereblood         |     1 |     7 |       |    14 ||    22
         Ensorcelled Hiber |       |       |     2 |       ||     2
         Spider Form       |       |       |    19 |    28 ||    47
         Portal Projectile |       |       |     1 |       ||     1
         Ice Form          |       |       |       |    10 ||    10
 Invoke: Potion Petition   |       |       |       |     1 ||     1
  Evoke: Wand              |       |     3 |     3 |     1 ||     7
    Use: Scroll            |       |     3 |     6 |     6 ||    15
         Potion            |       |     2 |     3 |    11 ||    16
   Stab: Sleeping          |       |       |     2 |       ||     2
         Distracted        |       |       |     2 |     1 ||     3
 Armour: Robe              |    13 |    16 |     6 |    20 ||    55
         Skin              |       |    11 |     6 |    43 ||    60
  Dodge: Dodged            |    61 |    71 |   193 |   368 ||   693

Table legend: (Time is in decaauts)
 A = Elapsed time spent in this place.
 B = Non-inter-level travel time spent in this place.
 C = Inter-level travel time spent in this place.
 D = Time resting spent in this place.
 E = Time spent auto-exploring this place.
 F = Levels seen in this place.
 G = Mean time per level.
                   A        B        C        D        E       F      G
               +--------+--------+--------+--------+--------+-----+--------+
         Total |  18685 |  17714 |    971 |   7369 |   7895 |  14 | 1334.6 |
       Dungeon |  16384 |  15551 |    833 |   6025 |   7339 |  10 | 1638.4 |
        Temple |     85 |     85 |      0 |     71 |      0 |   1 |   85.0 |
          Lair |   2210 |   2074 |    136 |   1273 |    556 |   2 | 1105.0 |
  Orcish Mines |      4 |      4 |      0 |      0 |      0 |   1 |    4.0 |
               +--------+--------+--------+--------+--------+-----+--------+

Top non-repeatable levels by time:
     D:9: 2804 daAuts
     D:6: 2591 daAuts
     D:4: 2072 daAuts
     D:8: 2011 daAuts
  Lair:1: 1860 daAuts
     D:5: 1693 daAuts
     D:1: 1295 daAuts
     D:2: 1094 daAuts
     D:7: 983 daAuts
    D:10: 954 daAuts
     D:3: 884 daAuts
  Lair:2: 349 daAuts
  Temple: 85 daAuts
   Orc:1: 4 daAuts
